 Dungeon Crawl Stone Soup version 0.31.0-12-g77e489cdc1 (webtiles) character file.

Game seed: 6782017440998092706

40 Doomgape the Shield-Bearer (level 3, -7/24 HPs)
             Began as a Gargoyle Fighter on Feb 15, 2024.
             Mangled by Terence
             ... wielding the +7 Throatcutter {drain, coup de grace}
              (8 damage)
             ... on level 3 of the Dungeon.
             The game lasted 00:03:02 (1569 turns).

Doomgape the Shield-Bearer (Gargoyle Fighter)       Turns: 1569, Time: 00:03:03

Health: -7/24      AC: 10    Str: 21    XL:     3   Next: 50%
Magic:  3/3        EV:  9    Int:  8    God:
Gold:   196        SH:  4    Dex:  9    Spells: 2/2 levels left

rFire   . . .        a - +0 flail
rCold   . . .        c - +0 buckler
rNeg    + . .        b - +0 scale mail
rPois   ∞            (no helmet)
rElec   +            (no cloak)
rCorr   .            (no gloves)
SInv    .            (no boots)
Will    .....        (no amulet) Stlth
                     (no ring)
HPRegen 0.24/turn    (no ring)
MPRegen 0.08/turn

%: no passive effects
@: no status effects
A: sickness immunity, AC +3, negative energy resistance 1, electricity
resistance, torment resistance 1, petrification resistance
a: no special abilities


You were on level 3 of the Dungeon.
You visited 1 branch of the dungeon, and saw 3 of its levels.

You collected 196 gold pieces.

Inventory:

Hand Weapons
 a - a +0 flail (weapon)
Armour
 b - a +0 scale mail (worn)
 c - a +0 buckler (worn)
Jewellery
 f - a +6 ring of strength
Scrolls
 e - a scroll of noise {unknown}
 h - a scroll of identify {unknown}
 i - a scroll of teleportation {unknown}
 k - a scroll of fog {unknown}
Potions
 d - a potion of might
 g - 3 potions of curing {unknown}
 j - a potion of mutation {unknown}
 l - a potion of enlightenment {unknown}


   Skills:
 + Level 3.7 Fighting
 + Level 2.5 Maces & Flails
 + Level 3.7 Armour
 + Level 3.7 Shields


You had 2 spell levels left.
You didn't know any spells.
Your spell library was empty.

Dungeon Overview and Level Annotations

Branches:
Dungeon (3/15)

Altars:

Annotations:
D:3 Terence


Innate Abilities, Weirdness & Mutations

You are immune to sickness and miasma.
Your stone body is resilient. (AC +3)
You are immune to poison.
You resist negative energy. (rN+)
You are resistant to electric shocks. (rElec)
You are resistant to unholy torment.
You are immune to petrification.


Message History

The kobold throws a stone.
The stone closely misses you.
You now have 196 gold pieces (gained 17).
Found a stone staircase leading down.
Terence the Incautious comes into view.
He is wielding the +7 Throatcutter {drain, coup de grace}.
You barely miss the kobold. The kobold closely misses you.
You closely miss the kobold. You block the kobold's attack.
The kobold hits you but does no damage.
You completely miss the kobold. The kobold hits you with a +0 dagger.
You hit the kobold but do no damage. The kobold hits you but does no damage.
You hit the kobold.
You kill the kobold!
Terence hits you with the +7 Throatcutter {drain, coup de grace}.
You barely miss Terence. You block Terence's attack.
You closely miss Terence. Terence closely misses you.
You barely miss Terence.
Terence hits you with the +7 Throatcutter {drain, coup de grace}!
Terence hits you but does no damage.
You hit Terence.
Terence is lightly wounded.
Terence hits you with the +7 Throatcutter {drain, coup de grace}.
You hit Terence.
Terence is moderately wounded.
Terence hits you with the +7 Throatcutter {drain, coup de grace}.
You hit Terence but do no damage.
Terence is moderately wounded.
Terence closely misses you.
You closely miss Terence.
Terence is moderately wounded.
Terence hits you with the +7 Throatcutter {drain, coup de grace}.
* * * LOW HITPOINT WARNING * * *
Terence hits you but does no damage.
You barely miss Terence.
Terence is moderately wounded.
Terence hits you with the +7 Throatcutter {drain, coup de grace}.
* * * LOW HITPOINT WARNING * * *
You hit Terence but do no damage.
Terence is moderately wounded.
Terence hits you with the +7 Throatcutter {drain, coup de grace}!
You die...
Terence says, "That felt goooood."

..........# #######
.....?....# #.....#
..........# #.###.#
..........# #.# #.#
..........# #.# #.#
..........####.###.#
......@)..#........#
##@...........#
#..##.........#
#..####........## #...##
##.........# #..#
#........#.# ....
###<########.#### .....
##...###......#...
>.######..####...........
..####...####............


You could see Terence.

Vanquished Creatures
  2 dart slugs (D:2)
  A ball python (D:1)
  4 endoplasms
  5 giant cockroaches
  5 goblins
  2 hobgoblins
  4 kobolds
  3 quokkas
  A bat (D:1)
  2 frilled lizards (D:1)
  3 rats
32 creatures vanquished.

Notes
Turn   | Place    | Note
-------+----------+-------------------------------------------
     0 | D:1      | Doomgape the Gargoyle Fighter began the quest for the Orb.
     0 | D:1      | Reached XP level 1. HP: 14/14 MP: 1/1
   300 | D:1      | Reached XP level 2. HP: 19/19 MP: 2/2
   810 | D:2      | Reached XP level 3. HP: 22/23 MP: 3/3
  1555 | D:3      | Noticed Terence
  1568 | D:3      | HP: 1/24 [Terence/the +7 Throatcutter {drain, coup de
                  | grace} (6)]
  1569 | D:3      | Mangled by Terence

Illustrated notes

Levels and vault maps discovered:
D:1:      reono_arrival_mine, layout_loops_ring, chequers_serial_rivers_marsh
D:2:      layout_loops_ring
D:3:      layout_rooms, uniq_terence

Action                     || total
---------------------------++-------
  Melee: Flail             ||   116
 Armour: Scale mail        ||    88
  Dodge: Dodged            ||    54
  Block: Buckler           ||    22
